 Dungeon Crawl Stone Soup version 0.21.0-37-g46506fa (webtiles) character file.

29 bobthegiant the Caller (level 3, 0/25 HPs)
             Began as a Gnoll Summoner on Jan 30, 2018.
             Slain by an adder (5 damage)
             ... on level 2 of the Dungeon.
             The game lasted 00:06:26 (1449 turns).

bobthegiant the Caller (Gnoll Summoner)             Turns: 1449, Time: 00:06:27

Health: 0/25       AC:  2    Str: 11    XL:     3   Next: 16%
Magic:  7/9        EV: 14    Int: 17    God:
Gold:   28         SH:  0    Dex: 15    Spells: 11/12 levels left

rFire    . . .     SeeInvis .   e - +0 hand axe
rCold    . . .     Gourm    .   (no shield)
rNeg     . . .     Faith    .   a - +0 robe
rPois    .         Spirit   .   (no helmet)
rElec    .         Reflect  .   (no cloak)
rCorr    .         Harm     .   (no gloves)
MR       .....                  (no boots)
Stlth    +++.......             (no amulet)
HPRegen  0.08/turn              (no ring)
MPRegen  0.11/turn              (no ring)

@: no status effects
A: distributed training, fangs 1, strong nose
a: no special abilities


You were on level 2 of the Dungeon.
You were hungry.

You visited 1 branch of the dungeon, and saw 2 of its levels.

You collected 28 gold pieces.

Inventory:

Hand Weapons
 e - a +0 hand axe (weapon)
 i - a +0 spear
Missiles
 d - 12 stones (quivered)
Armour
 a - a +0 robe (worn)
 h - a +0 leather armour
 m - a +0 buckler
Scrolls
 g - a scroll of noise {unknown}
 j - a scroll of magic mapping {unknown}
 k - a scroll of fear {unknown}
 l - 2 scrolls of remove curse {unknown}
Potions
 f - 2 potions of curing {unknown}
Books
 b - a book of Callings

   Spells                             Type                      Level
   a - Summon Small Mammal            Summoning                    1
   b - Call Imp                       Summoning                    2
   c - Call Canine Familiar           Summoning                    3
   d - Summon Guardian Golem          Hexes/Summoning              3
   e - Summon Lightning Spire         Summoning/Air                4
   f - Summon Ice Beast               Ice/Summoning                4
Comestibles
 c - 2 rations


   Skills:
 + Level 0.6 Fighting
 + Level 0.6 Short Blades
 + Level 0.6 Long Blades
 + Level 0.6 Axes
 + Level 0.6 Maces & Flails
 + Level 0.6 Polearms
 + Level 0.6 Staves
 + Level 0.6 Slings
 + Level 0.6 Bows
 + Level 0.6 Crossbows
 + Level 0.6 Throwing
 + Level 0.6 Armour
 + Level 4.5 Dodging
 + Level 4.1 Stealth
 + Level 0.6 Shields
 + Level 0.6 Unarmed Combat
 + Level 5.0 Spellcasting
 + Level 0.4 Conjurations
 + Level 0.4 Hexes
 + Level 0.4 Charms
 + Level 7.1 Summonings
 + Level 0.4 Necromancy
 + Level 0.4 Translocations
 + Level 0.4 Transmutations
 + Level 0.4 Fire Magic
 + Level 0.4 Ice Magic
 + Level 0.4 Air Magic
 + Level 0.4 Earth Magic
 + Level 0.4 Poison Magic
 + Level 0.8 Invocations
 + Level 0.6 Evocations


You had 11 spell levels left.
You knew the following spells:

 Your Spells              Type           Power        Failure   Level  Hunger
a - Summon Small Mammal   Summ           ####         1%          1    None


Dungeon Overview and Level Annotations

Branches:
Dungeon (2/15)

Altars:


Innate Abilities, Weirdness & Mutations

Your experience applies equally to all skills.
You have very sharp teeth.
Your uncanny sense of smell can sniff out nearby items.


Message History

d - 10 stones (gained 1)
d - 12 stones (gained 2)
You start resting.
An adder comes into view.
You swap places.
Things that are here:
a club; a kobold corpse You start resting.
Your quokka disappears in a puff of smoke! x2
Casting: Summon Small Mammal
Confirm with . or Enter, or press ? or * to list all spells.
The adder bites you. The adder bites you.
* * * LOW HITPOINT WARNING * * *
Your quokka bites the adder.
Casting: Summon Small Mammal
Confirm with . or Enter, or press ? or * to list all spells.
The adder closely misses you.
Your quokka misses the adder. The adder bites you.
You die...

∆ ##### #...#
#...# ##...#
#....#######
#..........#
#..<)...r..#
#.......r..#
#.......@S.#
#....)..##.#
#........#.....(..
##.#.##..##.......
#...##..# .......
#..###... #......
#>. #...# ......
... #..$# .###..
#.. ..... .# ..


You could see an adder and 2 friendly quokkas.

Vanquished Creatures
  A dart slug (D:1)
  A giant cockroach (D:1)
  5 goblins
  3 jackals (D:1)
  3 bats (D:1)
  A frilled lizard (D:1)
  5 kobolds
  2 rats (D:1)
21 creatures vanquished.

Vanquished Creatures (collateral kills)
  A worm (D:2)
  A leopard gecko (D:2)
  A frilled lizard (D:1)
  A kobold (D:1)
4 creatures vanquished.

Grand Total: 25 creatures vanquished

Notes
Turn   | Place    | Note
-------+----------+-------------------------------------------
     0 | D:1      | bobthegiant the Gnoll Summoner began the quest for the Orb.
     0 | D:1      | Reached XP level 1. HP: 13/13 MP: 6/6
   503 | D:1      | Reached XP level 2. HP: 19/19 MP: 7/7
  1294 | D:2      | Reached XP level 3. HP: 9/25 MP: 6/9
  1405 | D:2      | Reached skill level 5 in Spellcasting
  1449 | D:2      | Slain by an adder

Skill      XL: |  1  2  3 |
---------------+----------+-----
Spellcasting   | 5 |  5.0
Fighting       | |  0.6
Short Blades   | |  0.6
Long Blades    | |  0.6
Axes           | |  0.6
Maces & Flails | |  0.6
Polearms       | |  0.6
Staves         | |  0.6
Slings         | |  0.6
Bows           | |  0.6
Crossbows      | |  0.6
Throwing       | |  0.6
Armour         | |  0.6
Dodging        | |  4.5
Stealth        | |  4.1
Shields        | |  0.6
Unarmed Combat | |  0.6
Conjurations   | |  0.4
Hexes          | |  0.4
Charms         | |  0.4
Summonings     | |  7.1
Necromancy     | |  0.4
Translocations | |  0.4
Transmutations | |  0.4
Fire Magic     | |  0.4
Ice Magic      | |  0.4
Air Magic      | |  0.4
Earth Magic    | |  0.4
Poison Magic   | |  0.4
Invocations    | |  0.8
Evocations     | |  0.6

Action                   || total
-------------------------++-------
Melee: Unarmed           ||    50
       Hand axe          ||    57
       Bite              ||    11
Throw: Stone             ||    11
 Cast: Summon Small Mamm ||    11
 Stab: Sleeping          ||     3
       Distracted        ||     1
  Eat: Chunk             ||     1
Armor: Robe              ||    19
Dodge: Dodged            ||    99
